 Dungeon Crawl Stone Soup version 0.22-a0-799-g88f5e907b7 (webtiles) character file.

847 Holzbalken the Basher (level 8, -1/46 HPs)
             Began as a Gargoyle Monk on July 21, 2018.
             Splashed by a jelly's acid (4 damage)
             ... on level 5 of the Dungeon.
             The game lasted 00:12:48 (3635 turns).

Holzbalken the Basher (Gargoyle Monk)               Turns: 3635, Time: 00:12:48

Health: -1/46      AC:  8    Str: 16    XL:     8   Next: 0%
Magic:  8/8        EV: 11    Int: 12    God:
Gold:   132        SH:  0    Dex: 12    Spells: 7/7 levels left

rFire    . . .     SeeInvis .   p - +4 mace
rCold    . . .     Gourm    +   (no shield)
rNeg     + . .     Faith    .   h - +0 ring mail (curse)
rPois    ∞         Spirit   .   k - +2 helmet
rElec    +         Reflect  .   n - +2 cloak {rPois}
rCorr    .         Harm     .   (no gloves)
MR       .....                  (no boots)
Stlth    +.........             e - amulet of the gourmand
HPRegen  0.15/turn              (no ring)
MPRegen  0.11/turn              (no ring)

@: corroded
A: negative energy resistance 1, electricity resistance, unbreathing,
petrification resistance, rot immunity, AC +5
a: no special abilities


You were on level 5 of the Dungeon.
You were completely stuffed.

You visited 1 branch of the dungeon, and saw 5 of its levels.

You collected 132 gold pieces.

Inventory:

Hand Weapons
 l - a +1 mace of crushing
 p - a +4 mace (weapon)
Armour
 b - a +1 scale mail
 h - a cursed +0 ring mail (worn)
 k - a +2 helmet (worn)
 n - a +2 cloak of poison resistance (worn)
Jewellery
 e - an amulet of the gourmand (around neck)
Scrolls
 d - 5 scrolls of remove curse
 g - 2 scrolls of enchant armour
 i - 3 scrolls of identify
Potions
 a - a potion of might
 f - 3 potions of brilliance
 j - a potion of flight {unknown}
 m - a potion of cancellation {unknown}
 o - 2 potions of curing
Comestibles
 c - 7 rations


   Skills:
 - Level 3.2 Fighting
 + Level 9.3 Maces & Flails
 - Level 2.4 Dodging
 - Level 2.1 Stealth


You had 7 spell levels left.
You didn't know any spells.
Your spell library contained the following spells:

 Spells                   Type           Power        Failure   Level  Hunger
 Confuse                  Hex            #.......     88%         3    ####...
 Tukima's Dance           Hex            #.......     88%         3    ####...
 Ensorcelled Hibernation  Hex/Ice        #.....       67%         2    ###....
 Corona                   Hex            #......      54%         1    ##.....
 Dazzling Spray           Conj/Hex       #.....       88%         3    ####...


Dungeon Overview and Level Annotations

Branches:
Dungeon (5/15)
 Temple: D:4-7

Altars:
Dithmenos
Ru
Sif Muna
Vehumet
Wu Jian

Annotations:
D:5 2 runed doors, Wartorn's ghost, novice MiFi


Innate Abilities, Weirdness & Mutations

You are resistant to torment.
Your stone body is resilient. (AC +5)
You are immune to poison.
You resist negative energy. (rN+)
You are resistant to electric shocks. (rElec)
You can survive without breathing.
You are immune to petrification.
You are immune to rotting.


Message History

The jelly is severely wounded.
The jelly misses you.
You hit the jelly but do no damage.
Your hands burn!
* * * LOW HITPOINT WARNING * * *
The jelly is severely wounded.
The jelly hits you.
* * * LOW HITPOINT WARNING * * *
You are splashed with acid!
The acid burns!
* * * LOW HITPOINT WARNING * * *
You feel better. The jelly barely misses you.
You hit the jelly but do no damage.
Your hands burn!
* * * LOW HITPOINT WARNING * * *
The jelly is severely wounded.
The sky beast flickers out of sight!
Deactivating autopickup; reactivate with Ctrl-A.
The jelly barely misses you.
You barely miss the jelly.
The jelly is severely wounded.
You hit the jelly.
Your hands burn!
You die...

#########
####.......###########
#>(..................+
#.##.......#####@.####
#.##.......# ##J#
#.########## {.# #.#
###########.# #.#
#.........#.#
#.######.#######.#.#
#.#........# #.# #
#.#.###....# #.#
#.#.#......# #.#


You could see a jelly.

Vanquished Creatures
  Grinder (D:4)
  Sigmund (D:4)
  A centaur (D:4)
  Blork the orc (D:4)
  Crazy Yiuf (D:4)
  A hound (D:4)
  3 orc wizards
  An iguana (D:4)
  Robin (D:4)
  4 gnolls (D:4)
  5 adders
  An ooze (D:4)
  A worm (D:2)
  2 dart slugs
  A leopard gecko (D:1)
  12 orcs
  2 ball pythons
  2 giant cockroaches (D:1)
  14 goblins
  5 hobgoblins
  6 jackals
  3 kobolds
  2 quokkas (D:4)
  3 bats
  3 frilled lizards (D:1)
  4 rats
81 creatures vanquished.

Notes
Turn   | Place    | Note
-------+----------+-------------------------------------------
     0 | D:1      | Holzbalken the Gargoyle Monk began the quest for the Orb.
     0 | D:1      | Reached XP level 1. HP: 14/14 MP: 1/1
   216 | D:1      | Reached XP level 2. HP: 19/19 MP: 2/2
   913 | D:1      | Reached skill level 4 in Maces & Flails
  1075 | D:2      | Reached XP level 3. HP: 23/23 MP: 3/3
  1289 | D:2      | Found a radiant altar of Vehumet.
  1559 | D:2      | Found a shadowy altar of Dithmenos.
  1811 | D:3      | Found a deep blue altar of Sif Muna.
  1849 | D:3      | Found an ornate altar of the Wu Jian Council.
  1890 | D:3      | Reached XP level 4. HP: 23/28 MP: 4/4
  1898 | D:3      | Reached skill level 5 in Maces & Flails
  1948 | D:4      | Reached XP level 5. HP: 32/32 MP: 5/5
  2035 | D:4      | Reached skill level 6 in Maces & Flails
  2041 | D:4      | Found a sacrificial altar of Ru.
  2074 | D:4      | Noticed Robin
  2088 | D:4      | Killed Robin
  2361 | D:4      | Noticed a centaur
  2371 | D:4      | Killed a centaur
  2371 | D:4      | Reached XP level 6. HP: 20/37 MP: 6/6
  2407 | D:4      | Reached skill level 7 in Maces & Flails
  2793 | D:4      | Noticed Grinder
  2802 | D:4      | Paralysed by Grinder for 6 turns
  2814 | D:4      | Killed Grinder
  2814 | D:4      | Reached skill level 8 in Maces & Flails
  2814 | D:4      | Reached XP level 7. HP: 37/41 MP: 7/7
  2857 | D:4      | Noticed Blork the orc
  2874 | D:4      | Killed Blork the orc
  2970 | D:4      | Noticed Sigmund
  2988 | D:4      | Killed Sigmund
  2988 | D:4      | Reached skill level 9 in Maces & Flails
  3380 | D:4      | Found a runed door.
  3384 | D:4      | Noticed Crazy Yiuf
  3392 | D:4      | Killed Crazy Yiuf
  3491 | D:5      | Entered Level 5 of the Dungeon
  3503 | D:5      | Found a large runed door.
  3503 | D:5      | Found a large runed door.
  3504 | D:5      | Noticed Wartorn's ghost (novice MiFi)
  3609 | D:5      | Reached XP level 8. HP: 46/46 MP: 8/8
  3631 | D:5      | HP: 1/46 [acid (9)]
  3635 | D:5      | Splashed by a jelly's acid

Vault maps used:
D:1:      lightli_arrival_boilingwater
D:2:      vehumet_crystals, grunt_dithmenos_smoke
D:3:      overflow_temple_1_default, lemuel_crystal_altar, dk_noncrumbling_2
D:4:      kennysheep_mini, first_ration, grunt_ministairs_13, uniq_robin,
          uniq_sigmund, uniq_crazy_yiuf_cottage, uniq_blork_the_orc,
          uniq_grinder
D:5:      serial_shops, nicolae_shop_overgrown_old_shop,
          ebering_ghost_disaster_area, uniq_prince_ribbit1

Skill      XL: |  1  2  3  4  5  6  7 |
---------------+----------------------+-----
Maces & Flails | 4 5 6 8 9 |  9.3
Fighting       | |  3.2
Dodging        | |  2.4
Stealth        | |  2.1

Action                   |  1- 3 |  4- 6 |  7- 9 || total
-------------------------+-------+-------+-------++-------
Melee: Mace              |   136 |   173 |    65 ||   374
  Use: Scroll            |    10 |       |     3 ||    13
       Potion            |       |       |     1 ||     1
 Stab: Sleeping          |     2 |       |       ||     2
  Eat: Chunk             |    13 |     4 |     3 ||    20
Armor: Robe              |     8 |       |       ||     8
       Leather armour    |    27 |       |       ||    27
       Scale mail        |    43 |   133 |    13 ||   189
       Ring mail         |       |       |     7 ||     7
Dodge: Dodged            |   102 |   111 |    19 ||   232

Table legend:
 A = Spawn XP
 B = Non-spawn XP
 C = Spawn XP percentage of total XP
 D = Spawn monster count
 E = Non-spawn monster count
 F = Spawn count percentage of total count
 G = Total turns spent on level
                    A         B        C        D         E        F      G
               +---------+---------+-------+---------+---------+-------+---------
         Total |       0 |    1210 |   0.0 |       0 |      81 |   0.0 |  3635
               +---------+---------+-------+---------+---------+-------+---------
           D:1 |       0 |      33 |   0.0 |       0 |      19 |   0.0 |  1070
           D:2 |       0 |      35 |   0.0 |       0 |      11 |   0.0 |   689
           D:3 |       0 |      63 |   0.0 |       0 |       8 |   0.0 |   172
           D:4 |       0 |    1066 |   0.0 |       0 |      42 |   0.0 |  1560
           D:5 |       0 |      13 |   0.0 |       0 |       1 |   0.0 |   144
               +---------+---------+-------+---------+---------+-------+---------
